| TOP OF THE 1ST |
|
Lynn Sailors batting - Pitching for Pawtucket Paw Sox : RHP Billy Taylor
|
|
Pitching: RHP Billy Taylor
|
|
|
Batting: SHB Bip Roberts
|
0-0: Foul Ball, location: 2F 0-1: Ball 1-1: Ball 2-1: Ball 3-1: Called Strike 3-2: Foul Ball, location: 2F 3-2: Foul Ball, location: 2F 3-2: SINGLE (Flyball, 4D, EV 87.5 MPH)
|
|
Batting: RHB Ron Wotus
|
0-0: Ball 1-0: Ball 2-0: Ball 3-0: Called Strike 3-1: Base on Balls Bip Roberts to second
|
|
Batting: RHB Mike Rubel
|
0-0: Foul Ball, location: 2F 0-1: Ball 1-1: Called Strike 1-2: Ball 2-2: Foul Ball, location: 2F 2-2: Foul Ball, location: 2F 2-2: Ball 3-2: Base on Balls Bip Roberts to third Ron Wotus to second
|
|
Batting: RHB Ken Gerhart
|
0-0: Called Strike 0-1: Ball 1-1: Ball 2-1: Reached on error, E7 (Flyball, 78D, EV 103.8 MPH) Bip Roberts scores Ron Wotus scores Mike Rubel to third
|
|
Batting: RHB Mike Reddish
|
0-0: SINGLE (Line Drive, 89S, EV 89.4 MPH) Mike Rubel scores Ken Gerhart to third Runner from 3rd tries for Home, SAFE, throw by RF to home
|
|
Batting: RHB Jorge Hinojosa
|
0-0: Swinging Strike Mike Reddish steals 2nd base 0-1: Ball 1-1: Ball 2-1: Called Strike 2-2: Foul Ball, location: 2F 2-2: Ground out 4-3 (Groundball, 4M, EV 110.0 MPH) Mike Reddish to third
|
|
Batting: RHB Vinny Jaramillo
|
0-0: Swinging Strike 0-1: Ball 1-1: Foul Ball, location: 2F 1-2: Strikes out swinging
|
|
Batting: SHB Danny Gans
|
0-0: Called Strike 0-1: SINGLE (Line Drive, 9S, EV 98.8 MPH) Mike Reddish scores
|
|
Batting: RHB Ezequiel Carrasco
|
0-0: Ball 1-0: Foul Ball, location: 2F 1-1: Called Strike 1-2: Ball 2-2: Ground out 5-3 (Groundball, 56S, EV 68.1 MPH)
|
| Top of the 1st over - 5 runs, 3 hits, 1 error, 1 left on base; Lynn 5 - Pawtucket 0 |
| BOTTOM OF THE 1ST |
|
Pawtucket Paw Sox batting - Pitching for Lynn Sailors : RHP Donald Cline
|
|
Pitching: RHP Donald Cline
|
|
|
Batting: LHB Jeff Stone
|
0-0: SINGLE (Line Drive, 78S, EV 98.1 MPH)
|
|
Batting: RHB Shooty Babitt
|
0-0: Ball 1-0: Foul Ball, location: 2F 1-1: Called Strike Jeff Stone steals 2nd base (no throw) 1-2: Ball 2-2: Foul Ball, location: 2F 2-2: Ground out 1-3 (Groundball, 34S, EV 66.3 MPH) Jeff Stone to third
|
|
Batting: LHB Dave Haberle
|
0-0: Ball 1-0: Ball 2-0: Ball 3-0: Called Strike 3-1: DOUBLE (Line Drive, 7LD, EV 101.9 MPH) Jeff Stone scores
|
|
Batting: LHB Steven Garcia
|
0-0: Called Strike 0-1: Ball 1-1: Ball 2-1: Ball 3-1: Base on Balls
|
|
Batting: RHB Brick Smith
|
0-0: Called Strike 0-1: Ball 1-1: Foul Ball, location: 2F 1-2: Ball 2-2: Foul Ball, location: 2F 2-2: SINGLE (Line Drive, 89S, EV 86.9 MPH) Dave Haberle to third Steven Garcia to second Runner from 3rd tries for Home, SAFE, throw by RF to home
|
|
Batting: LHB David Wiggins
|
0-0: Foul Ball, location: 2F 0-1: Fly out, F3 (Popup, 34S, EV 71.3 MPH)
|
|
Batting: LHB Steven Blackman
|
0-0: Ball 1-0: Fly out, F9 (Line Drive, 9, EV 90.6 MPH)
|
| Bottom of the 1st over - 2 runs, 3 hits, 0 errors, 2 left on base; Lynn 5 - Pawtucket 2 |
| TOP OF THE 2ND |
|
Lynn Sailors batting - Pitching for Pawtucket Paw Sox : RHP Billy Taylor
|
|
Batting: SHB Bip Roberts
|
0-0: Ball 1-0: Ball 2-0: SINGLE (Groundball, 34S, EV 70.0 MPH) (infield hit)
|
|
Batting: RHB Ron Wotus
|
0-0: Swinging Strike 0-1: Fly out, F8 (Flyball, 8LXD, EV 108.1 MPH)
|
|
Batting: RHB Mike Rubel
|
0-0: Ball 1-0: Ball 2-0: Called Strike 2-1: Ball 3-1: Base on Balls Bip Roberts to second
|
|
Batting: RHB Ken Gerhart
|
0-0: Called Strike 0-1: Foul Ball, location: 2F 0-2: Ball 1-2: Ball 2-2: Fly out, F8 (Flyball, 8RM, EV 95.6 MPH) Runner from 2nd tags up, SAFE at 3rd with throw by CF
|
|
Batting: RHB Mike Reddish
|
0-0: Ball 1-0: Called Strike 1-1: Ball 2-1: Foul Ball, location: 2F 2-2: Fielders Choice at 2nd, 6-4 (Groundball, 6, EV 94.4 MPH)
|
| Top of the 2nd over - 0 runs, 1 hit, 0 errors, 2 left on base; Lynn 5 - Pawtucket 2 |
| BOTTOM OF THE 2ND |
|
Pawtucket Paw Sox batting - Pitching for Lynn Sailors : RHP Donald Cline
|
|
Batting: RHB Joseph Baciotti
|
0-0: Ball 1-0: Ball 2-0: Foul Ball, location: 2F 2-1: Ground out 5-3 (Groundball, 56, EV 83.1 MPH)
|
|
Batting: RHB Lenny Faedo
|
0-0: Ground out 6-3 (Groundball, 6, EV 85.6 MPH)
|
|
Batting: LHB Jeff Stone
|
0-0: Called Strike 0-1: Ball 1-1: Fly out, F9 (Line Drive, 9D, EV 94.4 MPH)
|
| Bottom of the 2nd over - 0 runs, 0 hits, 0 errors, 0 left on base; Lynn 5 - Pawtucket 2 |
| TOP OF THE 3RD |
|
Lynn Sailors batting - Pitching for Pawtucket Paw Sox : RHP Billy Taylor
|
|
Batting: RHB Jorge Hinojosa
|
0-0: Ball 1-0: DOUBLE (Groundball, 5L, EV 100.6 MPH)
|
|
Batting: RHB Vinny Jaramillo
|
0-0: Swinging Strike 0-1: Ball 1-1: SINGLE (Flyball, 8LS, EV 100.0 MPH) Jorge Hinojosa to third Runner from 3rd tries for Home, SAFE, throw by CF to home
|
|
Pitching: RHP Robert Crimian
|
|
|
Batting: SHB Danny Gans
|
0-0: Called Strike Vinny Jaramillo is caught stealing 2nd base 2-6 0-1: Swinging Strike 0-2: Strikes out swinging
|
|
Batting: RHB Ezequiel Carrasco
|
0-0: Foul Ball, location: 2F 0-1: Reached on error, E6 (Groundball, 6, EV 88.1 MPH)
|
|
Batting: SHB Bip Roberts
|
0-0: Ball 1-0: Ball 2-0: Ball 3-0: Called Strike 3-1: Base on Balls Ezequiel Carrasco to second
|
|
Batting: RHB Ron Wotus
|
0-0: Ball 1-0: 3-RUN HOME RUN (Flyball, 78XD, EV 108.1 MPH), Distance : 410 ft
|
|
Batting: RHB Mike Rubel
|
0-0: Ground out 5-3 (Groundball, 56S, EV 85.0 MPH)
|
| Top of the 3rd over - 4 runs, 3 hits, 1 error, 0 left on base; Lynn 9 - Pawtucket 2 |
| BOTTOM OF THE 3RD |
|
Pawtucket Paw Sox batting - Pitching for Lynn Sailors : RHP Donald Cline
|
|
Batting: RHB Shooty Babitt
|
0-0: Swinging Strike 0-1: Ball 1-1: Ball 2-1: Swinging Strike 2-2: Strikes out swinging
|
|
Batting: LHB Dave Haberle
|
0-0: Called Strike 0-1: Foul Ball, location: 2F 0-2: Ground out 6-3 (Groundball, 6, EV 83.8 MPH)
|
|
Batting: LHB Steven Garcia
|
0-0: Foul Ball, location: 2F 0-1: Called Strike 0-2: Ground out U3 (Groundball, 3, EV 80.0 MPH)
|
| Bottom of the 3rd over - 0 runs, 0 hits, 0 errors, 0 left on base; Lynn 9 - Pawtucket 2 |
| TOP OF THE 4TH |
|
Lynn Sailors batting - Pitching for Pawtucket Paw Sox : RHP Robert Crimian
|
|
Batting: RHB Ken Gerhart
|
0-0: Ball 1-0: Called Strike 1-1: Ball 2-1: Foul Ball, location: 2F 2-2: Foul Ball, location: 2F 2-2: Foul Ball, location: 2F 2-2: SINGLE (Line Drive, 78S, EV 94.4 MPH)
|
|
Batting: RHB Mike Reddish
|
0-0: Ball 1-0: Called Strike 1-1: Ball 2-1: Ball 3-1: 2-RUN HOME RUN (Flyball, 78XD, EV 105.6 MPH), Distance : 439 ft
|
|
Pitching: RHP Craig Burlingame
|
|
|
Batting: RHB Jorge Hinojosa
|
0-0: Ground out 6-3 (Groundball, 6, EV 91.9 MPH)
|
|
Batting: RHB Vinny Jaramillo
|
0-0: DOUBLE (Line Drive, 9LS, EV 101.3 MPH)
|
|
Batting: SHB Danny Gans
|
0-0: Called Strike 0-1: Fly out, F7 (Flyball, 78XD, EV 105.0 MPH) Runner from 2nd tags up, SAFE at 3rd, no throw by LF
|
|
Batting: RHB Ezequiel Carrasco
|
0-0: Foul Ball, location: 2F 0-1: Ground out 4-3 (Groundball, 4, EV 88.8 MPH)
|
| Top of the 4th over - 2 runs, 3 hits, 0 errors, 1 left on base; Lynn 11 - Pawtucket 2 |
| BOTTOM OF THE 4TH |
|
Pawtucket Paw Sox batting - Pitching for Lynn Sailors : RHP Donald Cline
|
|
Batting: RHB Brick Smith
|
0-0: Ball 1-0: Ball 2-0: Called Strike 2-1: Foul Ball, location: 2F 2-2: Foul Ball, location: 2F 2-2: Foul Ball, location: 2F 2-2: Ball 3-2: Base on Balls
|
|
Batting: LHB David Wiggins
|
0-0: Ball 1-0: Ball 2-0: Ball 3-0: Called Strike 3-1: Grounds into double play, 4-6-3 (Groundball, 4, EV 103.1 MPH)
|
|
Batting: LHB Steven Blackman
|
0-0: Ball 1-0: Fly out, F8 (Flyball, 89M, EV 78.8 MPH)
|
| Bottom of the 4th over - 0 runs, 0 hits, 0 errors, 0 left on base; Lynn 11 - Pawtucket 2 |
| TOP OF THE 5TH |
|
Lynn Sailors batting - Pitching for Pawtucket Paw Sox : RHP Craig Burlingame
|
|
Batting: SHB Bip Roberts
|
0-0: Fly out, F9 (Flyball, 89D, EV 81.9 MPH)
|
|
Batting: RHB Ron Wotus
|
0-0: Called Strike 0-1: Ball 1-1: Fly out, F7 (Flyball, 78D, EV 93.1 MPH)
|
|
Batting: RHB Mike Rubel
|
0-0: Ball 1-0: Called Strike 1-1: Foul Ball, location: 2F 1-2: Ball 2-2: Ball 3-2: Foul Ball, location: 2F 3-2: Ground out 4-3 (Groundball, 4, EV 106.3 MPH)
|
| Top of the 5th over - 0 runs, 0 hits, 0 errors, 0 left on base; Lynn 11 - Pawtucket 2 |
| BOTTOM OF THE 5TH |
|
Pawtucket Paw Sox batting - Pitching for Lynn Sailors : RHP Donald Cline
|
|
Batting: RHB Joseph Baciotti
|
0-0: Ball 1-0: Called Strike 1-1: SINGLE (Groundball, 34D, EV 104.4 MPH)
|
|
Batting: RHB Lenny Faedo
|
0-0: SINGLE (Groundball, 4M, EV 103.1 MPH) (infield hit) Joseph Baciotti to second
|
|
Batting: LHB Jeff Stone
|
0-0: Called Strike 0-1: Ball 1-1: Ball 2-1: Swinging Strike 2-2: Strikes out swinging
|
|
Batting: RHB Shooty Babitt
|
0-0: Grounds into double play, 6-4-3 (Groundball, 6, EV 92.5 MPH)
|
| Bottom of the 5th over - 0 runs, 2 hits, 0 errors, 1 left on base; Lynn 11 - Pawtucket 2 |
| TOP OF THE 6TH |
|
Lynn Sailors batting - Pitching for Pawtucket Paw Sox : RHP Craig Burlingame
|
|
Batting: RHB Ken Gerhart
|
0-0: Ball 1-0: Called Strike 1-1: Foul Ball, location: 2F 1-2: Ball 2-2: Fly out, F9 (Flyball, 9, EV 83.8 MPH)
|
|
Batting: RHB Mike Reddish
|
0-0: Called Strike 0-1: Ball 1-1: Swinging Strike 1-2: SOLO HOME RUN (Flyball, 7D, EV 88.1 MPH), Distance : 360 ft
|
|
Batting: RHB Jorge Hinojosa
|
0-0: Called Strike 0-1: Ball 1-1: Ground out 6-3 (Groundball, 6, EV 86.9 MPH)
|
|
Batting: RHB Vinny Jaramillo
|
0-0: Ball 1-0: Foul Ball, location: 2F 1-1: Ground out 3-1 (Groundball, 34S, EV 87.5 MPH)
|
| Top of the 6th over - 1 run, 1 hit, 0 errors, 0 left on base; Lynn 12 - Pawtucket 2 |
| BOTTOM OF THE 6TH |
|
Pawtucket Paw Sox batting - Pitching for Lynn Sailors : RHP Donald Cline
|
|
Batting: LHB Dave Haberle
|
0-0: Ball 1-0: Foul Ball, location: 2F 1-1: Foul Ball, location: 2F 1-2: Ball 2-2: Ball 3-2: Base on Balls
|
|
Batting: LHB Steven Garcia
|
0-0: Ball Dave Haberle steals 2nd base 1-0: Ball 2-0: Foul Ball, location: 2F 2-1: Foul Ball, location: 2F 2-2: Ground out 5-3 (Groundball, 5, EV 80.0 MPH)
|
|
Batting: RHB Brick Smith
|
0-0: Ball 1-0: Ball 2-0: Ball 3-0: Base on Balls
|
|
Batting: LHB David Wiggins
|
0-0: SINGLE (Groundball, 34D, EV 106.3 MPH) Dave Haberle to third Brick Smith to second Runner from 3rd tries for Home, SAFE, throw by RF to home
|
|
Batting: LHB Steven Blackman
|
0-0: Ball 1-0: Swinging Strike 1-1: Called Strike 1-2: Strikes out swinging
|
|
Batting: RHB Joseph Baciotti
|
0-0: Ball 1-0: Ball 2-0: Ball 3-0: Base on Balls Brick Smith to third David Wiggins to second
|
|
Batting: RHB Lenny Faedo
|
0-0: Called Strike 0-1: Ball 1-1: Ball 2-1: Foul Ball, location: 2F 2-2: Foul Ball, location: 2F 2-2: Ground out 4-3 (Groundball, 34, EV 84.4 MPH)
|
| Bottom of the 6th over - 1 run, 1 hit, 0 errors, 3 left on base; Lynn 12 - Pawtucket 3 |
| TOP OF THE 7TH |
|
Lynn Sailors batting - Pitching for Pawtucket Paw Sox : RHP Craig Burlingame
|
|
Pinch Hitting: LHB Howard McCann
|
0-0: Foul Ball, location: 2F 0-1: Foul Ball, location: 2F 0-2: Ball 1-2: SINGLE (Groundball, 6M, EV 101.3 MPH)
|
|
Pitching: RHP Chris Lein
|
|
|
Pinch Hitting: RHB David Schuman
|
0-0: Swinging Strike 0-1: Ball 1-1: Ball 2-1: Foul Ball, location: 2F 2-2: Fly out, F2 (Popup, 2LF, EV 89.4 MPH)
|
|
Batting: SHB Bip Roberts
|
0-0: Ball 1-0: Fly out, F7 (Flyball, 7LM, EV 73.8 MPH)
|
|
Batting: RHB Ron Wotus
|
0-0: Ball Pickoff Throw to First - Out! 1-3
|
| Top of the 7th over - 0 runs, 1 hit, 0 errors, 0 left on base; Lynn 12 - Pawtucket 3 |
| BOTTOM OF THE 7TH |
|
Pawtucket Paw Sox batting - Pitching for Lynn Sailors : RHP Donald Cline
|
|
Now at SS: Howard McCann
|
|
|
Now in LF: Carmelo Castillo
|
|
|
Batting: LHB Jeff Stone
|
0-0: Foul Ball, location: 2F 0-1: Ball 1-1: Ground out 4-3 (Groundball, 34D, EV 98.8 MPH)
|
|
Batting: RHB Shooty Babitt
|
0-0: DOUBLE (Flyball, 89D, EV 101.9 MPH)
|
|
Batting: LHB Dave Haberle
|
0-0: Called Strike 0-1: Ball 1-1: Foul Ball, location: 2F 1-2: Ball 2-2: Fly out, F8 (Flyball, 8RXD, EV 83.1 MPH) Runner from 2nd tags up, SAFE at 3rd, no throw by CF
|
|
Pitching: RHP Trent Ferrin
|
|
|
Batting: LHB Steven Garcia
|
0-0: Ball 1-0: Swinging Strike 1-1: Fly out, F8 (Line Drive, 8LM, EV 97.5 MPH)
|
| Bottom of the 7th over - 0 runs, 1 hit, 0 errors, 1 left on base; Lynn 12 - Pawtucket 3 |
| TOP OF THE 8TH |
|
Lynn Sailors batting - Pitching for Pawtucket Paw Sox : RHP Chris Lein
|
|
Pinch Hitting: LHB Tony Merulla
|
0-0: Ball 1-0: Foul Ball, location: 2F 1-1: Foul Ball, location: 2F 1-2: Foul Ball, location: 2F 1-2: SOLO HOME RUN (Line Drive, 9LD, EV 100.0 MPH), Distance : 366 ft
|
|
Batting: RHB Mike Rubel
|
0-0: Fly out, F7 (Flyball, 7S, EV 85.6 MPH)
|
|
Batting: RHB Ken Gerhart
|
0-0: Foul Ball, location: 2F 0-1: Ball 1-1: Ball 2-1: Ball 3-1: Base on Balls
|
|
Batting: RHB Mike Reddish
|
0-0: Swinging Strike 0-1: Ball 1-1: SINGLE (Groundball, 34D, EV 106.3 MPH) Ken Gerhart to second
|
|
Batting: RHB Jorge Hinojosa
|
0-0: Ball 1-0: Ball 2-0: Ball 3-0: Called Strike 3-1: Fly out, F7 (Flyball, 78D, EV 100.0 MPH)
|
|
Batting: RHB Vinny Jaramillo
|
0-0: Ball 1-0: 3-RUN HOME RUN (Flyball, 9D, EV 105.6 MPH), Distance : 373 ft
|
|
Batting: LHB Howard McCann
|
0-0: Ball 1-0: Foul Ball, location: 2F 1-1: Fly out, F8 (Flyball, 8LXD, EV 103.1 MPH)
|
| Top of the 8th over - 4 runs, 3 hits, 0 errors, 0 left on base; Lynn 16 - Pawtucket 3 |
| BOTTOM OF THE 8TH |
|
Pawtucket Paw Sox batting - Pitching for Lynn Sailors : RHP Trent Ferrin
|
|
Now at 1B: Tony Merulla
|
|
|
Batting: RHB Brick Smith
|
0-0: Called Strike 0-1: Ball 1-1: Ball 2-1: Swinging Strike 2-2: SOLO HOME RUN (Line Drive, 7D, EV 105.0 MPH), Distance : 380 ft
|
|
Batting: LHB David Wiggins
|
0-0: Foul Ball, location: 2F 0-1: Ball 1-1: DOUBLE (Groundball, 3L, EV 98.1 MPH)
|
|
Batting: LHB Steven Blackman
|
0-0: Fly out, F5 (Line Drive, 5, EV 64.4 MPH)
|
|
Batting: RHB Joseph Baciotti
|
0-0: Foul Ball, location: 2F 0-1: Ball 1-1: Ground out 6-3 (Groundball, 6S, EV 86.9 MPH)
|
|
Batting: RHB Lenny Faedo
|
0-0: Ball 1-0: Ground out 4-3 (Groundball, 4, EV 81.3 MPH)
|
| Bottom of the 8th over - 1 run, 2 hits, 0 errors, 1 left on base; Lynn 16 - Pawtucket 4 |
| TOP OF THE 9TH |
|
Lynn Sailors batting - Pitching for Pawtucket Paw Sox : RHP Chris Lein
|
|
Batting: RHB Carmelo Castillo
|
0-0: SINGLE (Groundball, 6M, EV 108.1 MPH) (infield hit)
|
|
Batting: SHB Bip Roberts
|
0-0: Fielders Choice at 2nd, 3-6 (Groundball, 34S, EV 86.9 MPH)
|
|
Batting: LHB Tony Merulla
|
0-0: Called Strike 0-1: Called Strike 0-2: Ball 1-2: Ball 2-2: Foul Ball, location: 2F 2-2: Ball Pickoff Throw by Catcher to First - Out! 3-2: DOUBLE (Line Drive, 78D, EV 108.1 MPH)
|
|
Batting: RHB Mike Rubel
|
0-0: Ball 1-0: Ball 2-0: Ball 3-0: Base on Balls
|
|
Batting: RHB Ken Gerhart
|
0-0: Foul Ball, location: 2F 0-1: Ball 1-1: Ball 2-1: Ball 3-1: Swinging Strike 3-2: Base on Balls Tony Merulla to third Mike Rubel to second
|
|
Batting: RHB Mike Reddish
|
0-0: Ball 1-0: Ball 2-0: Foul Ball, location: 2F 2-1: Ball 3-1: Base on Balls Tony Merulla scores Mike Rubel to third Ken Gerhart to second
|
|
Batting: RHB Jorge Hinojosa
|
0-0: Called Strike 0-1: Ball 1-1: Ball 2-1: Fielders Choice at 2nd, U4 (Groundball, 4M, EV 86.3 MPH)
|
| Top of the 9th over - 1 run, 2 hits, 0 errors, 3 left on base; Lynn 17 - Pawtucket 4 |
| BOTTOM OF THE 9TH |
|
Pawtucket Paw Sox batting - Pitching for Lynn Sailors : RHP Trent Ferrin
|
|
Batting: LHB Jeff Stone
|
0-0: Called Strike 0-1: Ball 1-1: Foul Ball, location: 2F 1-2: Foul Ball, location: 2F 1-2: SINGLE (Groundball, 34D, EV 103.8 MPH)
|
|
Batting: RHB Shooty Babitt
|
0-0: Ball 1-0: Ball 2-0: Called Strike 2-1: Ball 3-1: Called Strike 3-2: Foul Ball, location: 2F 3-2: SINGLE (Groundball, 56D, EV 98.1 MPH) (infield hit) Jeff Stone to second
|
|
Pinch Hitting: LHB Doc Brummer
|
0-0: Ball 1-0: Called Strike 1-1: Foul Ball, location: 2F 1-2: Foul Ball, location: 2F 1-2: Grounds into double play, 6-4-3 (Groundball, 6, EV 85.0 MPH) Jeff Stone to third
|
|
Batting: LHB Steven Garcia
|
0-0: Ball 1-0: Called Strike 1-1: Foul Ball, location: 2F 1-2: Ball 2-2: Ball 3-2: Reached on error, E6 (Groundball, 6, EV 82.5 MPH) Jeff Stone scores
|
|
Batting: RHB Brick Smith
|
0-0: Called Strike 0-1: Called Strike 0-2: Ball 1-2: Ball 2-2: Foul Ball, location: 2F 2-2: Strikes out swinging
|
| Bottom of the 9th over - 1 run, 2 hits, 1 error, 1 left on base; Lynn 17 - Pawtucket 5 |
|